[ PARTIDA AOE2 · #480338748 ]
UnrankedBereberes vs Goths
[ ANÁLISIS DE REPETICIÓN · EXTRAÍDO DE LA PARTIDA GRABADA ]
Feudal
14:15
Castillos
—
Imperial
—
| APM promedio | 34.2 |
| APM pico | 92 |
| eAPM promedio | 21.4 |
| Aldeanos / militares | 46 / 14 |
Foco
⚔️ 22.7% · 🌾 77.3%
Scout Cavalry ×11 · Spearman ×3
Feudal
—
Castillos
—
Imperial
—
| APM promedio | 14.1 |
| APM pico | 50 |
| eAPM promedio | 8.9 |
| Aldeanos / militares | 33 / 26 |
Foco
⚔️ 22.6% · 🌾 77.4%
Militia ×20 · Spearman ×6
Feudal
14:20
Castillos
—
Imperial
—
| APM promedio | 13.3 |
| APM pico | 30 |
| eAPM promedio | 8.7 |
| Aldeanos / militares | 44 / 0 |
Foco
⚔️ 18.8% · 🌾 81.2%
Feudal
17:22
Castillos
25:27
Imperial
—
| APM promedio | 35.3 |
| APM pico | 67 |
| eAPM promedio | 11.7 |
| Aldeanos / militares | 39 / 0 |
Foco
⚔️ 13.0% · 🌾 87.0%
Feudal
15:17
Castillos
—
Imperial
—
| APM promedio | 36.1 |
| APM pico | 94 |
| eAPM promedio | 10.2 |
| Aldeanos / militares | 21 / 25 |
Foco
⚔️ 19.7% · 🌾 80.3%
Archer ×10 · Scout Cavalry ×7 · Militia ×5 · Skirmisher ×3
Feudal
13:38
Castillos
—
Imperial
—
| APM promedio | 24.0 |
| APM pico | 56 |
| eAPM promedio | 9.8 |
| Aldeanos / militares | 45 / 21 |
Foco
⚔️ 27.2% · 🌾 72.8%
Scout Cavalry ×18 · Serjeant ×3
Feudal
19:22
Castillos
—
Imperial
—
| APM promedio | 13.4 |
| APM pico | 23 |
| eAPM promedio | 10.4 |
| Aldeanos / militares | 51 / 0 |
Foco
⚔️ 14.6% · 🌾 85.4%
Feudal
14:31
Castillos
—
Imperial
—
| APM promedio | 30.1 |
| APM pico | 47 |
| eAPM promedio | 15.8 |
| Aldeanos / militares | 53 / 4 |
Foco
⚔️ 14.1% · 🌾 85.9%
Militia ×4
Mapa de la partida
Recursos iniciales + cada clic de construcción. Líneas = muros · curvas = relieve. ◆ oro · ⬟ piedra · ● bayas · ✦ reliquia · ◌ hueco del cierre
Tu base· Abierta — flanco sin cerrar
Base de ElMelvin49· Abierta — hueco de 8t
Base de Rudypuerco· Abierta — flanco sin cerrar
Base de General Griefous· Abierta — flanco sin cerrar
Base de Average Venezuelan· Abierta — hueco de 9t
Base de travis· Abierta — flanco sin cerrar
Base de dewey manning· Abierta — flanco sin cerrar
Base de Ricardo M.LU· Abierta — flanco sin cerrar
Terreno inicial suavizado · ◌ = hueco del cierre detectado · pasá el cursor para detalles
Inputs por minuto
— Ornitorrinco - - ElMelvin49
Build order — Ornitorrinco
100 acciones detectadas en el replay
| 0:22 | Construir | Town Center |
| 1:53 | Construir | House |
| 2:38 | Crear | Villager (Male) |
| 2:38 | Crear | Villager (Male) |
| 2:39 | Crear | Villager (Male) |
| 2:39 | Crear | Villager (Male) |
| 2:39 | Crear | Villager (Male) |
| 3:43 | Construir | House |
| 4:56 | Crear | Villager (Male) |
| 4:56 | Crear | Villager (Male) |
| 5:17 | Crear | Villager (Male) |
| 5:36 | Crear | Villager (Male) |
| 5:36 | Crear | Villager (Male) |
| 5:55 | Crear | Villager (Male) |
| 6:16 | Crear | Villager (Male) |
| 6:43 | Crear | Villager (Male) |
| 7:08 | Construir | Mill |
| 7:13 | Construir | Mill |
| 7:19 | Crear | Villager (Male) |
| 7:19 | Crear | Villager (Male) |
| 7:46 | Crear | Villager (Male) |
| 7:56 | Crear | Villager (Male) |
| 8:21 | Construir | House |
| 8:27 | Investigar | Loom |
| 8:40 | Crear | Villager (Male) |
| 9:05 | Construir | House |
| 9:14 | Construir | Lumber Camp |
| 9:20 | Crear | Villager (Male) |
| 9:26 | Crear | Villager (Male) |
| 9:58 | Crear | Villager (Male) |
| 10:16 | Crear | Villager (Male) |
| 10:35 | Construir | Mill |
| 10:39 | Crear | Villager (Male) |
| 11:12 | Crear | Villager (Male) |
| 12:05 | Investigar | Feudal Age |
| 12:16 | Construir | Barracks |
| 12:39 | Construir | House |
| 12:44 | Crear | Villager (Male) |
| 13:49 | Construir | Farm |
| 13:52 | Construir | Farm |
| 14:01 | Construir | Mining Camp |
| 14:15 | Edad | Edad Feudal |
| 14:18 | Construir | Stable |
| 14:25 | Investigar | Double-Bit Axe |
| 14:45 | Crear | Villager (Male) |
| 14:56 | Investigar | Horse Collar |
| 15:03 | Crear | Villager (Male) |
| 15:13 | Construir | House |
| 15:14 | Crear | Scout Cavalry |
| 15:32 | Crear | Villager (Male) |
| 15:42 | Crear | Villager (Male) |
| 15:55 | Crear | Scout Cavalry |
| 16:07 | Construir | House |
| 16:21 | Crear | Villager (Male) |
| 16:24 | Construir | Farm |
| 16:36 | Crear | Scout Cavalry |
| 16:39 | Construir | House |
| 16:53 | Construir | Blacksmith |
| 16:55 | Crear | Villager (Male) |
| 17:00 | Construir | Farm |
| 17:04 | Construir | Farm |
| 17:18 | Construir | Palisade Gate |
| 17:20 | Construir | House |
| 17:21 | Crear | Villager (Male) |
| 17:28 | Crear | Villager (Male) |
| 17:39 | Crear | Villager (Male) |
| 18:16 | Crear | Scout Cavalry |
| 18:36 | Construir | House |
| 18:44 | Crear | Scout Cavalry |
| 18:52 | Crear | Scout Cavalry |
| 18:57 | Crear | Villager (Male) |
| 18:58 | Crear | Villager (Male) |
| 18:58 | Crear | Villager (Male) |
| 19:04 | Construir | House |
| 19:06 | Construir | Palisade Wall |
| 19:11 | Construir | Palisade Wall |
| 19:23 | Construir | Palisade Wall |
| 19:26 | Construir | Palisade Wall |
| 19:35 | Crear | Scout Cavalry |
| 19:44 | Crear | Scout Cavalry |
| 20:16 | Crear | Scout Cavalry |
| 21:02 | Crear | Villager (Male) |
| 21:03 | Crear | Villager (Male) |
| 21:18 | Construir | Farm |
| 21:19 | Construir | Farm |
| 21:20 | Crear | Villager (Male) |
| 22:05 | Crear | Villager (Male) |
| 22:08 | Crear | Villager (Male) |
| 22:23 | Crear | Scout Cavalry |
| 22:56 | Crear | Scout Cavalry |
| 23:16 | Crear | Spearman |
| 23:19 | Crear | Spearman |
| 23:22 | Crear | Villager (Male) |
| 23:23 | Crear | Villager (Male) |
| 23:32 | Construir | Market |
| 24:13 | Crear | Spearman |
| 24:24 | Crear | Villager (Male) |
| 24:25 | Crear | Villager (Male) |
| 24:31 | Construir | Lumber Camp |
| 24:37 | Construir | Farm |
Build order — ElMelvin49
89 acciones detectadas en el replay
| 0:04 | Construir | Town Center |
| 2:10 | Construir | House |
| 2:23 | Investigar | Loom |
| 2:24 | Crear | Villager (Male) ×4 |
| 3:57 | Construir | House |
| 4:00 | Construir | House |
| 4:02 | Construir | House |
| 4:14 | Crear | Villager (Male) |
| 4:14 | Crear | Villager (Male) |
| 4:52 | Construir | Lumber Camp |
| 5:08 | Crear | Villager (Male) |
| 5:08 | Crear | Villager (Male) |
| 6:06 | Crear | Villager (Male) |
| 6:44 | Crear | Villager (Male) |
| 6:44 | Crear | Villager (Male) |
| 6:44 | Crear | Villager (Male) |
| 7:41 | Crear | Villager (Male) |
| 8:07 | Construir | Mill |
| 8:10 | Crear | Villager (Male) |
| 8:41 | Crear | Villager (Male) |
| 8:41 | Crear | Villager (Male) |
| 9:06 | Crear | Villager (Male) |
| 9:18 | Construir | Mill |
| 9:28 | Crear | Villager (Male) |
| 9:50 | Crear | Villager (Male) |
| 10:10 | Construir | Mining Camp |
| 10:18 | Crear | Villager (Male) |
| 10:19 | Crear | Villager (Male) |
| 10:44 | Construir | House |
| 10:47 | Construir | Barracks |
| 10:50 | Crear | Villager (Male) |
| 11:13 | Crear | Villager (Male) |
| 11:25 | Construir | House |
| 12:28 | Investigar | Feudal Age |
| 12:43 | Construir | Barracks |
| 12:46 | Construir | House |
| 13:40 | Construir | House |
| 13:42 | Construir | House |
| 14:04 | Crear | Villager (Male) |
| 14:04 | Crear | Villager (Male) |
| 14:29 | Crear | Militia |
| 14:30 | Crear | Militia |
| 14:30 | Crear | Militia |
| 14:31 | Crear | Militia |
| 14:31 | Crear | Militia |
| 14:48 | Construir | Blacksmith |
| 14:53 | Investigar | Man-at-Arms (upgrade) |
| 14:57 | Crear | Militia |
| 14:57 | Crear | Militia |
| 14:59 | Crear | Militia |
| 15:07 | Construir | Palisade Wall |
| 15:12 | Crear | Villager (Male) |
| 15:22 | Crear | Spearman |
| 15:22 | Crear | Spearman |
| 15:24 | Crear | Militia |
| 15:45 | Investigar | Forging |
| 15:46 | Investigar | Scale Mail Armor |
| 16:01 | Crear | Villager (Male) |
| 16:02 | Crear | Villager (Male) |
| 16:02 | Crear | Villager (Male) |
| 16:43 | Crear | Villager (Male) |
| 16:44 | Crear | Villager (Male) |
| 17:57 | Construir | Farm |
| 17:57 | Construir | Farm |
| 17:57 | Construir | Farm |
| 17:59 | Construir | Farm |
| 18:03 | Construir | Farm |
| 18:16 | Crear | Militia ×11 |
| 19:56 | Crear | Villager (Male) |
| 19:56 | Crear | Villager (Male) |
| 21:01 | Construir | Market |
| 21:19 | Construir | House |
| 21:21 | Construir | House |
| 21:23 | Construir | House |
| 21:25 | Construir | House |
| 21:56 | Construir | Farm |
| 21:56 | Construir | Farm |
| 21:56 | Construir | Farm |
| 21:56 | Construir | Farm |
| 21:57 | Construir | Farm |
| 21:57 | Construir | Farm |
| 21:57 | Construir | Farm |
| 22:38 | Construir | Mill |
| 23:21 | Crear | Spearman |
| 23:22 | Crear | Spearman |
| 23:22 | Crear | Spearman |
| 23:22 | Crear | Spearman |
| 23:51 | Construir | Mining Camp |
| 24:56 | Investigar | Castle Age |
Build order — Rudypuerco
89 acciones detectadas en el replay
| 1:00 | Construir | Town Center |
| 1:08 | Construir | House |
| 1:09 | Construir | House |
| 3:35 | Crear | Villager (Male) |
| 3:35 | Crear | Villager (Male) |
| 3:35 | Crear | Villager (Male) |
| 3:36 | Crear | Villager (Male) |
| 3:36 | Crear | Villager (Male) |
| 4:57 | Crear | Villager (Male) |
| 5:20 | Construir | Lumber Camp |
| 5:21 | Crear | Villager (Male) |
| 5:21 | Crear | Villager (Male) |
| 6:01 | Crear | Villager (Male) |
| 6:01 | Crear | Villager (Male) |
| 6:24 | Crear | Villager (Male) |
| 6:50 | Crear | Villager (Male) |
| 7:22 | Crear | Villager (Male) |
| 7:23 | Crear | Villager (Male) |
| 7:27 | Construir | House |
| 7:45 | Crear | Villager (Male) |
| 8:08 | Crear | Villager (Male) |
| 8:20 | Crear | Villager (Male) |
| 8:53 | Crear | Villager (Male) |
| 9:14 | Crear | Villager (Male) |
| 9:14 | Crear | Villager (Male) |
| 9:17 | Construir | House |
| 9:46 | Crear | Villager (Male) |
| 10:03 | Crear | Villager (Male) |
| 10:40 | Crear | Villager (Male) |
| 10:45 | Investigar | Loom |
| 10:52 | Construir | Mill |
| 11:15 | Construir | Barracks |
| 11:33 | Crear | Villager (Male) |
| 12:10 | Investigar | Feudal Age |
| 13:07 | Construir | House |
| 13:42 | Crear | Villager (Male) |
| 13:42 | Crear | Villager (Male) |
| 14:02 | Construir | Mill |
| 14:20 | Edad | Edad Feudal |
| 14:32 | Construir | Mining Camp |
| 14:39 | Crear | Villager (Male) |
| 15:11 | Crear | Villager (Male) |
| 15:32 | Construir | Watch Tower |
| 15:37 | Crear | Villager (Male) |
| 15:42 | Construir | Stable |
| 16:02 | Crear | Villager (Male) |
| 16:09 | Construir | House |
| 16:13 | Crear | Villager (Male) |
| 16:30 | Crear | Villager (Male) |
| 16:47 | Construir | House |
| 16:51 | Construir | Palisade Wall |
| 16:55 | Construir | Palisade Wall |
| 16:57 | Construir | Palisade Wall |
| 17:06 | Construir | Watch Tower |
| 17:16 | Crear | Villager (Male) |
| 17:31 | Crear | Villager (Male) |
| 17:55 | Crear | Villager (Male) |
| 18:15 | Construir | Watch Tower |
| 18:20 | Crear | Villager (Male) |
| 18:46 | Investigar | Wheelbarrow |
| 18:48 | Investigar | Double-Bit Axe |
| 19:10 | Crear | Villager (Male) |
| 19:33 | Construir | Mining Camp |
| 19:36 | Crear | Villager (Male) |
| 19:39 | Construir | House |
| 20:28 | Construir | Mining Camp |
| 20:53 | Construir | Market |
| 20:55 | Crear | Villager (Male) |
| 21:14 | Crear | Villager (Male) |
| 21:38 | Construir | Watch Tower |
| 21:51 | Construir | Mining Camp |
| 21:57 | Construir | Farm |
| 21:58 | Construir | Farm |
| 21:59 | Construir | Farm |
| 22:00 | Construir | Farm |
| 22:24 | Construir | Watch Tower |
| 22:35 | Crear | Villager (Male) |
| 22:38 | Construir | Farm |
| 22:42 | Construir | Farm |
| 23:02 | Construir | Farm |
| 23:22 | Crear | Villager (Male) |
| 23:34 | Construir | Watch Tower |
| 23:43 | Crear | Villager (Male) |
| 23:46 | Construir | Farm |
| 23:49 | Construir | House |
| 24:01 | Construir | Blacksmith |
| 24:25 | Crear | Villager (Male) |
| 24:42 | Investigar | Fletching |
| 25:25 | Construir | Palisade Wall |
Build order — General Griefous
96 acciones detectadas en el replay
| 1:47 | Construir | Town Center |
| 4:17 | Crear | Villager (Male) |
| 4:41 | Crear | Villager (Male) |
| 4:43 | Crear | Villager (Male) |
| 4:43 | Crear | Villager (Male) |
| 4:49 | Construir | House |
| 5:48 | Crear | Villager (Male) |
| 5:48 | Crear | Villager (Male) |
| 6:49 | Investigar | Loom |
| 7:22 | Crear | Villager (Male) |
| 7:22 | Crear | Villager (Male) |
| 7:23 | Crear | Villager (Male) |
| 7:36 | Construir | House |
| 7:45 | Construir | House |
| 7:53 | Crear | Villager (Male) |
| 7:53 | Crear | Villager (Male) |
| 8:38 | Crear | Villager (Male) |
| 8:41 | Construir | House |
| 9:04 | Crear | Villager (Male) |
| 9:04 | Crear | Villager (Male) |
| 9:22 | Construir | House |
| 10:10 | Construir | House |
| 10:23 | Crear | Villager (Male) |
| 10:33 | Construir | Lumber Camp |
| 10:58 | Crear | Villager (Male) |
| 11:11 | Construir | Mining Camp |
| 11:16 | Crear | Villager (Male) |
| 11:37 | Construir | House |
| 12:16 | Crear | Villager (Male) |
| 12:31 | Crear | Villager (Male) |
| 12:34 | Construir | House |
| 12:42 | Crear | Villager (Male) |
| 13:09 | Crear | Villager (Male) |
| 13:26 | Crear | Villager (Male) |
| 13:27 | Construir | House |
| 13:30 | Crear | Villager (Male) |
| 14:04 | Construir | House |
| 14:38 | Crear | Villager (Male) |
| 15:12 | Investigar | Feudal Age |
| 15:12 | Investigar | Feudal Age |
| 15:28 | Construir | House |
| 16:07 | Construir | House |
| 17:09 | Construir | House |
| 17:19 | Crear | Villager (Male) |
| 17:22 | Edad | Edad Feudal |
| 17:31 | Construir | Blacksmith |
| 17:51 | Construir | Barracks |
| 17:52 | Crear | Villager (Male) |
| 18:17 | Crear | Villager (Male) |
| 18:19 | Investigar | Scale Mail Armor |
| 19:02 | Crear | Villager (Male) |
| 19:14 | Construir | Mill |
| 19:15 | Crear | Villager (Male) |
| 19:30 | Construir | House |
| 19:50 | Construir | Farm |
| 19:51 | Crear | Villager (Male) |
| 19:52 | Construir | Farm |
| 19:59 | Construir | Farm |
| 20:14 | Construir | Market |
| 20:15 | Crear | Villager (Male) |
| 20:23 | Construir | Farm |
| 20:30 | Construir | Farm |
| 20:32 | Crear | Villager (Male) |
| 20:42 | Construir | Farm |
| 20:49 | Construir | House |
| 20:52 | Crear | Villager (Male) |
| 20:54 | Construir | Farm |
| 21:05 | Construir | Farm |
| 21:10 | Crear | Villager (Male) |
| 21:14 | Construir | Farm |
| 21:24 | Construir | Farm |
| 21:35 | Construir | Farm |
| 21:36 | Crear | Villager (Male) |
| 21:37 | Construir | Farm |
| 21:45 | Construir | Farm |
| 21:54 | Construir | House |
| 22:01 | Construir | Farm |
| 22:02 | Crear | Villager (Male) |
| 22:10 | Construir | Farm |
| 22:24 | Construir | Farm |
| 22:31 | Construir | Farm |
| 22:36 | Crear | Villager (Male) |
| 22:39 | Investigar | Castle Age |
| 22:43 | Investigar | Castle Age |
| 22:43 | Investigar | Castle Age |
| 22:54 | Construir | House |
| 23:43 | Construir | Lumber Camp |
| 23:50 | Investigar | Double-Bit Axe |
| 23:52 | Investigar | Horse Collar |
| 24:49 | Construir | House |
| 24:56 | Construir | House |
| 25:04 | Construir | House |
| 25:27 | Edad | Edad de los Castillos |
| 25:29 | Construir | Town Center |
| 25:35 | Crear | Villager (Male) |
| 25:35 | Crear | Villager (Male) |
Build order — Average Venezuelan
68 acciones detectadas en el replay
| 2:05 | Construir | Town Center |
| 4:07 | Crear | Villager (Male) |
| 4:07 | Crear | Villager (Male) |
| 4:07 | Crear | Villager (Male) |
| 4:08 | Crear | Villager (Male) |
| 4:40 | Construir | House |
| 4:51 | Construir | House |
| 5:43 | Construir | Lumber Camp |
| 6:09 | Crear | Villager (Male) |
| 6:09 | Crear | Villager (Male) |
| 6:45 | Crear | Villager (Male) |
| 6:45 | Crear | Villager (Male) |
| 7:41 | Crear | Villager (Male) |
| 7:42 | Crear | Villager (Male) |
| 8:28 | Crear | Villager (Male) |
| 8:37 | Crear | Villager (Male) |
| 8:51 | Crear | Villager (Male) |
| 8:56 | Crear | Villager (Male) |
| 9:04 | Construir | House |
| 9:56 | Construir | Barracks |
| 10:16 | Crear | Villager (Male) |
| 10:18 | Crear | Villager (Male) |
| 10:33 | Crear | Militia |
| 10:33 | Crear | Militia |
| 10:56 | Crear | Militia |
| 10:57 | Crear | Militia |
| 11:25 | Crear | Militia |
| 11:57 | Construir | House |
| 12:34 | Construir | House |
| 13:07 | Investigar | Feudal Age |
| 15:01 | Crear | Villager (Male) |
| 15:02 | Crear | Villager (Male) |
| 15:17 | Edad | Edad Feudal |
| 15:21 | Construir | Watch Tower |
| 15:32 | Construir | Archery Range |
| 16:44 | Construir | Stable |
| 17:09 | Crear | Villager (Male) |
| 17:09 | Crear | Villager (Male) |
| 17:31 | Crear | Scout Cavalry |
| 17:31 | Crear | Scout Cavalry |
| 17:37 | Crear | Archer |
| 17:37 | Crear | Archer |
| 17:44 | Crear | Villager (Male) |
| 18:21 | Crear | Archer |
| 18:21 | Crear | Archer |
| 19:28 | Construir | Lumber Camp |
| 20:19 | Construir | Mill |
| 20:27 | Crear | Scout Cavalry |
| 20:29 | Crear | Scout Cavalry |
| 20:29 | Investigar | Bloodlines |
| 20:36 | Construir | House |
| 20:54 | Investigar | Horse Collar |
| 21:23 | Construir | House |
| 22:00 | Crear | Skirmisher |
| 22:00 | Crear | Skirmisher |
| 22:43 | Construir | Archery Range |
| 22:46 | Crear | Skirmisher |
| 22:47 | Crear | Archer |
| 22:47 | Crear | Archer |
| 22:47 | Crear | Archer |
| 23:11 | Crear | Scout Cavalry |
| 23:11 | Crear | Scout Cavalry |
| 23:11 | Crear | Scout Cavalry |
| 23:31 | Construir | Blacksmith |
| 23:38 | Crear | Archer |
| 23:38 | Crear | Archer |
| 23:38 | Crear | Archer |
| 23:51 | Construir | Farm |
Build order — travis
98 acciones detectadas en el replay
| 0:37 | Construir | Town Center |
| 2:50 | Construir | House |
| 3:10 | Crear | Villager (Male) |
| 3:10 | Crear | Villager (Male) |
| 3:11 | Crear | Villager (Male) |
| 3:11 | Crear | Villager (Male) |
| 3:11 | Crear | Villager (Male) |
| 4:59 | Crear | Villager (Male) |
| 5:00 | Crear | Villager (Male) |
| 5:00 | Crear | Villager (Male) |
| 5:00 | Crear | Villager (Male) |
| 5:16 | Construir | House |
| 5:25 | Crear | Villager (Male) |
| 5:56 | Crear | Villager (Male) |
| 6:35 | Crear | Villager (Male) |
| 6:35 | Crear | Villager (Male) |
| 6:35 | Crear | Villager (Male) |
| 7:01 | Investigar | Loom |
| 7:05 | Crear | Villager (Male) |
| 7:06 | Crear | Villager (Male) |
| 7:06 | Crear | Villager (Male) |
| 7:06 | Crear | Villager (Male) |
| 7:24 | Construir | House |
| 7:44 | Construir | Lumber Camp |
| 9:19 | Crear | Villager (Male) |
| 9:19 | Crear | Villager (Male) |
| 9:20 | Crear | Villager (Male) |
| 9:21 | Crear | Villager (Male) |
| 9:30 | Construir | House |
| 10:23 | Construir | Mill |
| 11:01 | Crear | Villager (Male) |
| 11:08 | Construir | Barracks |
| 11:28 | Investigar | Feudal Age |
| 12:46 | Construir | Donjon |
| 13:14 | Construir | House |
| 13:38 | Edad | Edad Feudal |
| 13:41 | Construir | Stable |
| 13:46 | Crear | Serjeant |
| 13:47 | Crear | Serjeant |
| 13:56 | Crear | Villager (Male) ×5 |
| 14:29 | Construir | Mill |
| 14:45 | Crear | Scout Cavalry |
| 14:45 | Crear | Scout Cavalry |
| 15:18 | Crear | Scout Cavalry |
| 15:44 | Crear | Scout Cavalry |
| 15:45 | Crear | Scout Cavalry |
| 15:50 | Construir | House |
| 15:51 | Construir | House |
| 15:54 | Construir | House |
| 16:11 | Construir | Mining Camp |
| 16:13 | Crear | Villager (Male) |
| 16:14 | Crear | Villager (Male) |
| 16:14 | Crear | Villager (Male) |
| 16:15 | Crear | Villager (Male) |
| 17:28 | Construir | Mining Camp |
| 18:03 | Crear | Scout Cavalry |
| 18:04 | Crear | Scout Cavalry |
| 18:11 | Construir | Stable |
| 18:13 | Crear | Serjeant |
| 18:37 | Crear | Villager (Male) ×5 |
| 18:40 | Investigar | Wheelbarrow |
| 18:41 | Investigar | Horse Collar |
| 19:42 | Crear | Scout Cavalry |
| 19:42 | Crear | Scout Cavalry |
| 19:42 | Crear | Scout Cavalry |
| 19:43 | Crear | Scout Cavalry |
| 21:29 | Construir | Blacksmith |
| 21:51 | Crear | Scout Cavalry |
| 21:52 | Crear | Scout Cavalry |
| 21:54 | Crear | Scout Cavalry |
| 21:55 | Crear | Scout Cavalry |
| 22:03 | Crear | Villager (Male) ×5 |
| 22:18 | Investigar | Scale Barding Armor |
| 22:19 | Investigar | Forging |
| 22:30 | Construir | Stable |
| 22:33 | Construir | House |
| 22:37 | Construir | House |
| 22:39 | Construir | House |
| 22:41 | Construir | House |
| 23:00 | Investigar | Bloodlines |
| 23:06 | Crear | Scout Cavalry |
| 23:36 | Construir | Mill |
| 23:40 | Construir | Mill |
| 23:51 | Investigar | Stone Mining |
| 24:06 | Construir | Donjon |
| 24:16 | Crear | Scout Cavalry |
| 24:47 | Crear | Scout Cavalry |
| 24:55 | Crear | Villager (Male) |
| 24:55 | Crear | Villager (Male) |
| 24:55 | Crear | Villager (Male) |
| 25:28 | Construir | Farm |
| 25:29 | Construir | Farm |
| 25:29 | Construir | Farm |
| 25:30 | Construir | Farm |
| 25:35 | Construir | Farm |
| 25:35 | Construir | Farm |
| 25:35 | Construir | Farm |
| 25:36 | Construir | Farm |
Build order — dewey manning
92 acciones detectadas en el replay
| 1:07 | Construir | Town Center |
| 2:08 | Construir | House |
| 2:11 | Construir | House |
| 3:02 | Construir | House |
| 3:15 | Crear | Villager (Male) |
| 3:16 | Crear | Villager (Male) |
| 3:16 | Crear | Villager (Male) |
| 3:16 | Crear | Villager (Male) |
| 3:16 | Crear | Villager (Male) |
| 4:47 | Crear | Villager (Male) |
| 5:49 | Construir | Mill |
| 6:14 | Crear | Villager (Male) |
| 6:14 | Crear | Villager (Male) |
| 6:14 | Crear | Villager (Male) |
| 7:03 | Crear | Villager (Male) |
| 7:03 | Crear | Villager (Male) |
| 7:15 | Construir | House |
| 7:18 | Construir | House |
| 7:29 | Construir | Mining Camp |
| 7:41 | Crear | Villager (Male) |
| 7:41 | Crear | Villager (Male) |
| 7:41 | Crear | Villager (Male) |
| 7:42 | Crear | Villager (Male) |
| 8:22 | Crear | Villager (Male) |
| 8:27 | Crear | Villager (Male) |
| 8:27 | Crear | Villager (Male) |
| 9:20 | Construir | Mill |
| 10:17 | Construir | Farm |
| 10:22 | Construir | Farm |
| 10:26 | Construir | Farm |
| 10:31 | Construir | Farm |
| 10:34 | Construir | Farm |
| 10:58 | Crear | Villager (Male) |
| 10:59 | Crear | Villager (Male) |
| 11:08 | Crear | Villager (Male) |
| 11:31 | Construir | House |
| 12:36 | Crear | Villager (Male) |
| 12:37 | Crear | Villager (Male) |
| 12:37 | Crear | Villager (Male) |
| 12:37 | Crear | Villager (Male) |
| 12:43 | Construir | Farm |
| 12:45 | Construir | Farm |
| 12:53 | Construir | Farm |
| 12:56 | Construir | Farm |
| 13:03 | Crear | Villager (Male) |
| 13:03 | Crear | Villager (Male) |
| 13:20 | Crear | Villager (Male) |
| 13:21 | Crear | Villager (Male) |
| 13:56 | Construir | Mill |
| 15:29 | Construir | Farm |
| 16:32 | Construir | Mining Camp |
| 17:12 | Investigar | Feudal Age |
| 17:13 | Investigar | Loom |
| 17:16 | Crear | Villager (Male) |
| 17:16 | Crear | Villager (Male) |
| 17:28 | Construir | Mining Camp |
| 18:34 | Construir | Lumber Camp |
| 19:22 | Edad | Edad Feudal |
| 19:30 | Construir | Watch Tower |
| 19:37 | Construir | Watch Tower |
| 19:43 | Construir | Watch Tower |
| 20:35 | Crear | Villager (Male) |
| 20:35 | Crear | Villager (Male) |
| 20:35 | Crear | Villager (Male) |
| 20:35 | Crear | Villager (Male) |
| 20:36 | Crear | Villager (Male) |
| 20:36 | Crear | Villager (Male) |
| 20:40 | Investigar | Double-Bit Axe |
| 20:44 | Construir | House |
| 20:46 | Construir | House |
| 21:35 | Construir | House |
| 21:39 | Construir | House |
| 22:11 | Construir | Watch Tower |
| 22:15 | Crear | Villager (Male) |
| 22:15 | Crear | Villager (Male) |
| 22:16 | Crear | Villager (Male) |
| 22:16 | Crear | Villager (Male) |
| 22:43 | Crear | Villager (Male) |
| 22:43 | Crear | Villager (Male) |
| 22:43 | Crear | Villager (Male) |
| 22:57 | Construir | Watch Tower |
| 23:12 | Crear | Villager (Male) |
| 23:12 | Crear | Villager (Male) |
| 23:13 | Crear | Villager (Male) |
| 23:21 | Construir | Watch Tower |
| 23:49 | Construir | Watch Tower |
| 23:59 | Construir | Watch Tower |
| 24:04 | Crear | Villager (Male) |
| 24:05 | Crear | Villager (Male) |
| 25:08 | Crear | Villager (Male) |
| 25:08 | Crear | Villager (Male) |
| 25:16 | Construir | Barracks |
Build order — Ricardo M.LU
121 acciones detectadas en el replay
| 1:34 | Construir | Town Center |
| 2:11 | Construir | House |
| 3:43 | Construir | House |
| 4:03 | Crear | Villager (Male) |
| 4:03 | Crear | Villager (Male) |
| 4:03 | Crear | Villager (Male) |
| 4:06 | Construir | House |
| 4:18 | Crear | Villager (Male) |
| 4:18 | Crear | Villager (Male) |
| 4:25 | Construir | House |
| 5:45 | Crear | Villager (Male) |
| 5:45 | Crear | Villager (Male) |
| 6:04 | Crear | Villager (Male) |
| 6:04 | Crear | Villager (Male) |
| 6:33 | Crear | Villager (Male) |
| 6:33 | Crear | Villager (Male) |
| 6:40 | Construir | House |
| 6:41 | Construir | House |
| 6:58 | Crear | Villager (Male) |
| 6:59 | Crear | Villager (Male) |
| 7:20 | Crear | Villager (Male) |
| 7:37 | Crear | Villager (Male) |
| 7:37 | Crear | Villager (Male) |
| 8:04 | Construir | Mill |
| 8:27 | Crear | Villager (Male) |
| 8:27 | Crear | Villager (Male) |
| 8:27 | Crear | Villager (Male) |
| 8:56 | Crear | Villager (Male) |
| 8:56 | Crear | Villager (Male) |
| 8:57 | Crear | Villager (Male) |
| 9:07 | Crear | Villager (Male) |
| 9:07 | Crear | Villager (Male) |
| 9:13 | Crear | Villager (Male) |
| 9:13 | Crear | Villager (Male) |
| 9:31 | Crear | Villager (Male) |
| 9:32 | Crear | Villager (Male) |
| 9:32 | Crear | Villager (Male) |
| 9:44 | Crear | Villager (Male) |
| 10:38 | Crear | Villager (Male) |
| 11:08 | Construir | House |
| 11:10 | Construir | House |
| 11:15 | Construir | House |
| 11:31 | Construir | House |
| 11:49 | Investigar | Loom |
| 11:50 | Construir | House |
| 12:05 | Construir | House |
| 12:38 | Construir | Mining Camp |
| 12:40 | Crear | Villager (Male) |
| 13:13 | Investigar | Feudal Age |
| 13:13 | Investigar | Feudal Age |
| 13:30 | Construir | Barracks |
| 13:37 | Construir | House |
| 13:42 | Construir | Palisade Wall |
| 13:43 | Construir | Palisade Wall |
| 13:47 | Construir | Palisade Wall |
| 14:05 | Construir | Palisade Wall |
| 14:08 | Construir | Palisade Wall |
| 14:18 | Construir | House |
| 14:20 | Construir | House |
| 14:24 | Construir | House |
| 14:25 | Construir | Palisade Wall |
| 14:31 | Edad | Edad Feudal |
| 14:31 | Crear | Militia ×4 |
| 14:34 | Construir | House |
| 14:38 | Crear | Villager (Male) |
| 14:38 | Crear | Villager (Male) |
| 14:38 | Crear | Villager (Male) |
| 14:39 | Crear | Villager (Male) |
| 14:39 | Crear | Villager (Male) |
| 14:39 | Crear | Villager (Male) |
| 14:55 | Construir | Watch Tower |
| 15:11 | Construir | House |
| 15:17 | Construir | House |
| 15:21 | Construir | House |
| 15:32 | Construir | Palisade Wall |
| 16:16 | Construir | Lumber Camp |
| 16:53 | Construir | Farm |
| 17:00 | Construir | Farm |
| 17:18 | Construir | Farm |
| 18:11 | Construir | Watch Tower |
| 18:17 | Crear | Villager (Male) |
| 18:24 | Construir | Farm |
| 18:46 | Construir | Palisade Wall |
| 19:03 | Crear | Villager (Male) |
| 19:04 | Crear | Villager (Male) |
| 19:07 | Construir | Farm |
| 19:11 | Construir | Farm |
| 19:33 | Construir | Watch Tower |
| 19:39 | Construir | Palisade Wall |
| 19:42 | Construir | Palisade Wall |
| 19:45 | Construir | Palisade Wall |
| 20:01 | Crear | Villager (Male) |
| 20:02 | Crear | Villager (Male) |
| 20:32 | Construir | Palisade Wall |
| 20:56 | Crear | Villager (Male) |
| 20:57 | Crear | Villager (Male) |
| 22:00 | Construir | Watch Tower |
| 22:06 | Crear | Villager (Male) |
| 22:07 | Crear | Villager (Male) |
| 22:07 | Crear | Villager (Male) |
| 22:42 | Construir | Palisade Wall |
| 22:45 | Construir | Palisade Wall |
| 22:47 | Construir | Palisade Wall |
| 22:58 | Crear | Villager (Male) |
| 22:58 | Crear | Villager (Male) |
| 23:03 | Construir | Farm |
| 23:04 | Crear | Villager (Male) |
| 23:08 | Construir | Farm |
| 23:48 | Crear | Villager (Male) |
| 24:11 | Crear | Villager (Male) |
| 24:24 | Construir | Mill |
| 24:27 | Construir | Farm |
| 24:28 | Construir | Farm |
| 24:29 | Construir | Farm |
| 24:31 | Construir | Farm |
| 24:32 | Construir | Farm |
| 24:33 | Construir | Farm |
| 24:36 | Construir | Farm |
| 24:37 | Construir | Farm |
| 24:38 | Construir | Farm |
| 24:39 | Construir | Farm |
Cronología de la partida
| 9:56 | Average Venezuelan · first_building Barracks |
| 10:47 | ElMelvin49 · first_building Barracks |
| 11:08 | travis · first_building Barracks |
| 11:15 | Rudypuerco · first_building Barracks |
| 12:16 | Ornitorrinco · first_building Barracks |
| 12:46 | travis · first_building Donjon |
| 13:30 | Ricardo M.LU · first_building Barracks |
| 13:38 | travis · age_up feudal |
| 13:41 | travis · first_building Stable |
| 13:42 | Ricardo M.LU · wall_segment Palisade Wall x8 |
| 13:43 | Ricardo M.LU · wall_segment Palisade Wall x4 |
| 13:47 | Ricardo M.LU · wall_segment Palisade Wall x11 |
| 14:05 | Ricardo M.LU · wall_segment Palisade Wall x1 |
| 14:08 | Ricardo M.LU · wall_segment Palisade Wall x1 |
| 14:15 | Ornitorrinco · age_up feudal |
| 14:18 | Ornitorrinco · first_building Stable |
| 14:20 | Rudypuerco · age_up feudal |
| 14:25 | Ricardo M.LU · wall_segment Palisade Wall x1 |
| 14:31 | Ricardo M.LU · age_up feudal |
| 15:07 | ElMelvin49 · wall_segment Palisade Wall x9 |
| 15:17 | Average Venezuelan · age_up feudal |
| 15:32 | Ricardo M.LU · wall_segment Palisade Wall x1 |
| 15:32 | Average Venezuelan · first_building Archery Range |
| 15:42 | Rudypuerco · first_building Stable |
| 16:44 | Average Venezuelan · first_building Stable |
| 16:51 | Rudypuerco · wall_segment Palisade Wall x1 |
| 16:55 | Rudypuerco · wall_segment Palisade Wall x1 |
| 16:57 | Rudypuerco · wall_segment Palisade Wall x1 |
| 17:22 | General Griefous · age_up feudal |
| 17:51 | General Griefous · first_building Barracks |
| 18:46 | Ricardo M.LU · wall_segment Palisade Wall x1 |
| 19:06 | Ornitorrinco · wall_segment Palisade Wall x4 |
| 19:11 | Ornitorrinco · wall_segment Palisade Wall x12 |
| 19:22 | dewey manning · age_up feudal |
| 19:23 | Ornitorrinco · wall_segment Palisade Wall x1 |
| 19:26 | Ornitorrinco · wall_segment Palisade Wall x1 |
| 19:39 | Ricardo M.LU · wall_segment Palisade Wall x1 |
| 19:42 | Ricardo M.LU · wall_segment Palisade Wall x1 |
| 19:45 | Ricardo M.LU · wall_segment Palisade Wall x1 |
| 20:32 | Ricardo M.LU · wall_segment Palisade Wall x1 |
| 21:27 | Rudypuerco · first_market_sell 100 food |
| 21:28 | General Griefous · first_market_buy 100 food |
| 21:28 | Rudypuerco · first_market_buy 100 stone |
| 22:42 | Ricardo M.LU · wall_segment Palisade Wall x1 |
| 22:45 | Ricardo M.LU · wall_segment Palisade Wall x1 |
| 22:47 | Ricardo M.LU · wall_segment Palisade Wall x1 |
| 24:54 | ElMelvin49 · first_market_buy 100 food |
| 24:59 | Ornitorrinco · first_market_buy 100 food |
| 25:01 | Average Venezuelan · resign |
| 25:02 | Ornitorrinco · first_market_sell 100 wood |
| 25:16 | dewey manning · first_building Barracks |
| 25:25 | Rudypuerco · wall_segment Palisade Wall x3 |
| 25:27 | General Griefous · age_up castle |
[ ANÁLISIS IA · 1 CRÉDITO ]
¿Qué pasó realmente en esta partida?
Wolo.gg analiza cada decisión: build order, eco, micro, errores típicos por bracket. Análisis personalizado por WhatsApp o Discord en 30 segundos.
Guía civ
Bereberes
Perfil
Jugador #3390459